 Dungeon Crawl Stone Soup version 0.13-a0-2960-g2f00e6d (webtiles) character file.

154 PolkaDot the Charmwright (level 4, 0/33 HPs)
             Began as a Vampire Skald on Sept 6, 2013.
             Slain by Ijyb (4 damage)
             ... on Level 2 of the Dungeon.
             The game lasted 00:08:54 (1244 turns).

PolkaDot the Charmwright (Vampire Skald)            Turns: 1244, Time: 00:08:54

HP   0/33        AC  3     Str 11      XL: 4   Next:  4%
MP   4/9         EV 11     Int 15      God:
Gold 84          SH  0     Dex 13      Spells:  2 memorised,  4 levels left

Res.Fire  : . . .   See Invis. : +   a - +0 short sword
Res.Cold  : . . .   Warding    : .   b - +0 leather armour
Life Prot.: . . .   Conserve   : .   (no shield)
Res.Poison: .       Res.Corr.  : .   (no helmet)
Res.Elec. : .       Clarity    : .   (no cloak)
Sust.Abil.: . .     Spirit.Shd : .   (no gloves)
Res.Mut.  : .       Stasis     : .   (no boots)
Res.Rott. : .       Flight     : .   (no amulet)
Saprovore : . . .                    (no ring)
                                     (no ring)

@: regenerating quickly, slightly resistant to hostile enchantments, very
unstealthy
A: fangs 3, see invisible, unbreathing
a: Stop Singing


You were on level 2 of the Dungeon.
You were very full.

You visited 1 branch of the dungeon, and saw 2 of its levels.

You collected 64 gold pieces.

Inventory:

Hand weapons
 a - a +0,+0 short sword (weapon)
Armour
 b - a +0 leather armour (worn)
Scrolls
 e - a scroll of identify {unknown}
 f - 2 scrolls of remove curse {unknown}
 h - 2 scrolls of random uselessness {unknown}
 k - a scroll of blinking {unknown}
 l - 2 scrolls of teleportation {unknown}
 m - a scroll of fog {unknown}
 n - a scroll of noise {unknown}
Jewellery
 j - an uncursed ring of fire {unknown}
Potions
 g - a potion of confusion {unknown}
 i - a potion of magic {unknown}
Books
 c - a book of Battle

   Spells                             Type                      Level
   *Infusion                          Charms                       1
   Shroud of Golubria                 Charms/Translocation         2
   *Song of Slaying                   Charms                       2
   Spectral Weapon                    Hexes/Charms                 3
   Regeneration                       Charms/Necromancy            3
   Song of Shielding                  Charms                       4


   Skills:
 * Level 2.6 Fighting
 + Level 2.9 Short Blades
 - Level 1.0 Armour
 + Level 2.1 Dodging
 - Level 2.0 Spellcasting
 + Level 3.7 Charms


You had 4 spell levels left.
You knew the following spells:

 Your Spells              Type           Power        Failure   Level  Hunger
a - Infusion              Chrm           ##....       6%          1    #......
s - Song of Slaying       Chrm           ##........   10%         2    ###....


Dungeon Overview and Level Annotations

Branches:
Dungeon (2/27)

Altars:

Annotations:
D:2 Ijyb


Innate Abilities, Weirdness & Mutations

Your natural rate of healing is unusually fast.
You have razor-sharp teeth.*
You have supernaturally acute eyesight.
You can survive without breathing.*


Message History

Ijyb barely misses you.
You hit Ijyb!
Ijyb is heavily wounded.
Ijyb misses you.
You hit Ijyb.
Ijyb is heavily wounded.
Ijyb hits you.
* * * LOW HITPOINT WARNING * * *
You barely miss Ijyb. You bite Ijyb.
You draw Ijyb's blood!
You feel better.
You feel slightly more full.
Ijyb is heavily wounded.
Ijyb barely misses you.
You hit Ijyb.
Ijyb is severely wounded.
Your song is almost over.
Ijyb barely misses you.
You closely miss Ijyb.
Ijyb is severely wounded.
Ijyb hits you.
You die...

#########
#.......#
###.......#
#.....(...###.#..
#.......@g......#
#......(#.......#
#.......#.......
#.......#.......
#....####....>..
#....# #......
###
#....####.......
#..
##............(..
#..
#........###.....
..#..


You could see Ijyb.

Vanquished Creatures
  Jessica (D:2)
  2 adders (D:2)
  A giant mite (D:2)
  5 bats
  A giant cockroach (D:1)
  3 hobgoblins (D:1)
  5 kobolds
  3 giant newts
  5 goblins
  A quokka (D:2)
  6 rats
33 creatures vanquished.

Vanquished Creatures (others)
  A goblin (D:1)
1 creature vanquished.

Grand Total: 34 creatures vanquished

Notes
Turn   | Place    | Note
--------------------------------------------------------------
     0 | D:1      | PolkaDot, the Vampire Skald, began the quest for the Orb.
     0 | D:1      | Reached XP level 1. HP: 15/15 MP: 4/4
   196 | D:1      | Reached XP level 2. HP: 16/21 MP: 3/6
   201 | D:1      | Learned a level 2 spell: Song of Slaying
   420 | D:1      | Reached skill level 1 in Armour
   704 | D:2      | Reached XP level 3. HP: 16/26 MP: 0/7
   790 | D:2      | Noticed Jessica
   797 | D:2      | Killed Jessica
  1209 | D:2      | Reached XP level 4. HP: 11/33 MP: 6/9
  1227 | D:2      | Noticed Ijyb
  1244 | D:2      | Slain by Ijyb

Action                   |  1- 3 |  4- 6 || total
-------------------------+-------+-------++-------
Melee: Short sword       |   107 |    15 ||   122
 Cast: Infusion          |     6 |     1 ||     7
       Song of Slaying   |     3 |     1 ||     4
  Use: Potion            |     1 |     1 ||     2
